 Dungeon Sprint DCSS version 0.28.0-53-g5a82cb258f (webtiles) character file.

Game seed: 15447188269492720338

32 Groucho the Ducker (level 3, -11/24 HPs)
             Began as a Felid Transmuter on June 6, 2022.
             Mangled by an ogre
             ... wielding a +0 giant club
              (35 damage)
             ... in the Dungeon (Sprint IX: "|||||||||||||||||||||||||||||").
             The game lasted 00:00:27 (248 turns).

Groucho the Ducker (Felid Transmuter)                Turns: 248, Time: 00:00:28

Health: -11/24     AC:  1    Str:  8    XL:     3   Next: 8%
Magic:  4/7        EV: 19    Int: 14    God:
Gold:   0          SH:  0    Dex: 16    Spells: 6/7 levels left
                                        Lives:  0   Deaths: 0

rFire   . . .      SeeInvis +     - Unarmed
rCold   . . .      Faith    .   (shield unavailable)
rNeg    . . .      Spirit   .   (armour unavailable)
rPois   .          Reflect  .   (helmet unavailable)
rElec   .          Harm     .   (cloak unavailable)
rCorr   .          Rampage  .   (gloves unavailable)
Will    .....      NoTele   +   (boots unavailable)
Stlth   ..........              (no amulet)
HPRegen 0.08/turn               (no ring)
MPRegen 0.10/turn               (no ring)

@: berserking, very quick
A: very small, claws 1, fangs 3, see invisible, speed 1, shaggy fur 1, stealthy
paws, no weapons or thrown items, no armour, multi-lived
a: no special abilities


You were in the Dungeon.
You visited 1 branch

Inventory:

Scrolls
 f - a scroll of blinking
Potions
 a - a potion of curing
 b - a potion of heal wounds
 c - a potion of haste
 d - 2 potions of magic


   Skills:
 * Level 2.7 Fighting
 * Level 4.4 Dodging
 * Level 3.7 Stealth
 * Level 4.0 Unarmed Combat
 + Level 2.6 Spellcasting
 + Level 3.0 Transmutations


You had 6 spell levels left.
You knew the following spells:

 Your Spells              Type           Power      Damage    Failure   Level
a - Beastly Appendage     Tmut           20%        N/A       6%          1

Your spell library contained the following spells:

 Spells                   Type           Power      Damage    Failure   Level
 Wereblood                Tmut           10%        N/A       10%         2
 Spider Form              Tmut/Pois      6%         N/A       36%         3
 Ice Form                 Ice/Tmut       6%         N/A       77%         4


Dungeon Overview and Level Annotations

Branches:
Dungeon (1/1)

Altars:


Innate Abilities, Weirdness & Mutations

You have sharp claws.
You have razor-sharp teeth.
You have supernaturally acute eyesight. (SInv)
You cover ground quickly. (Speed+)
You are covered in fur. (AC +1)
Your paws help you pounce on unaware monsters.
You are incapable of wielding weapons or throwing items.
You cannot wear armour.
You gain extra lives every three experience levels.


Message History

You start waiting.
Done waiting.
You open the door. 2 snakes, a necrophage, an ogre and an iguana come into view.
The adder hisses angrily.
The water moccasin hisses angrily.
A red film seems to cover your vision as you go berserk!
You feel yourself moving faster!
You feel mighty!
The iguana hisses angrily.
You scratch the iguana.
The iguana is moderately wounded.
The iguana closely misses you.
You scratch the iguana.
The iguana is heavily wounded.
You scratch the iguana.
You kill the iguana!
Your Fighting skill increases to level 2!
Your Dodging skill increases to level 4!
Your Stealth skill increases to level 3!
Your Unarmed Combat skill increases to level 4!
Your Transmutations skill increases to level 3!
You have reached level 2!
You have reached level 3!
Your experience leads to an increase in your attributes!
Increase (S)trength, (I)ntelligence, or (D)exterity?
You feel stronger. x2
Unknown command.
The ogre barely misses you.
There is an open door, spattered with blood here.
You claw the ogre! You bite the ogre.
The ogre is severely wounded.
You closely miss the ogre.
The ogre is severely wounded.
The ogre closely misses you.
You scratch the ogre.
The ogre is almost dead.
You barely miss the ogre.
The ogre is almost dead.
The ogre hits you with a +0 giant club!!
Ouch! That really hurt!
You die...

▓+▓
▓.▓
▓S▓
▓n▓
▓S▓
▓O▓
▓@▓
▓.▓
▓.▓
▓.▓
▓)▓
▓)▓
▓'▓
▓.▓
▓.▓


You could see a water moccasin, an ogre, a necrophage and an adder.

Vanquished Creatures
  An iguana (D)
  A dart slug (D)
  2 goblins (D)
  A jackal (D)
  A kobold (D)
6 creatures vanquished.

Notes
Turn   | Place    | Note
-------+----------+-------------------------------------------
     0 | D        | Groucho the Felid Transmuter began the quest for the Orb.
     0 | D        | Reached XP level 1. HP: 9/9 MP: 4/4
     7 | D        | Reached skill level 1 in Stealth
   239 | D        | Noticed a water moccasin
   239 | D        | Noticed a necrophage
   239 | D        | Noticed an ogre
   239 | D        | Noticed an iguana
   243 | D        | Killed an iguana
   244 | D        | Reached XP level 2. HP: 13/13 MP: 4/6
   244 | D        | Reached XP level 3. HP: 16/16 MP: 4/7
   248 | D        | Mangled by an ogre

Illustrated notes

Levels and vault maps discovered:
D:        linesprint [early_d, line_temple, items_1, d_10, items_2, lair_1,
          lair_end, items_3, orc_1, orc_end, items_4, d_15, swamp_1, shoals_1,
          snake_1, spider_1, d_20, vaults_1, items_5, swamp_end, shoals_end,
          snake_end, spider_end, vaults_end, d_27, items_6, zot_1, zot_end,
          crypt_end, forest_end, elf_end, slime_end, tomb_end, abyss_end,
          pan_hell_end]

Skill      XL: |  1 |
---------------+----+-----
Dodging        | 4 |  4.4
Stealth        | 3 |  3.7
Fighting       | 2 |  2.7
Unarmed Combat | 4 |  4.0
Transmutations | 3 |  3.0
Spellcasting   | |  2.6

Action                   || total
-------------------------++-------
Melee: Unarmed           ||    16
       Bite              ||     2
       Punch             ||     1
  Use: Potion            ||     1
Dodge: Dodged            ||     9
